 Dungeon Crawl Stone Soup version 0.29-a0-317-gd16b76e6b1 (webtiles) character file.

Game seed: 10768678679633399363

154 Murumi the Skirmisher (level 5, -1/42 HPs)
             Began as a Formicid Abyssal Knight on Mar 31, 2022.
             Was a Believer of Lugonu.
             Killed from afar by Ijyb (4 damage)
             ... with a puff of flame
             ... on level 3 of the Dungeon.
             The game lasted 00:07:16 (3054 turns).

Murumi the Skirmisher (Formicid Abyssal Knight)     Turns: 3054, Time: 00:07:17

Health: -1/42      AC: 16    Str: 19    XL:     5   Next: 63%
Magic:  8/8        EV:  7    Int: 16    God:    Lugonu [**....]
Gold:   109        SH:  0    Dex: 11    Spells: 4/4 levels left

rFire   . . .      SeeInvis +   d - +0 whip (protect)
rCold   . . .      Faith    .   (no shield)
rNeg    . . .      Spirit   .   o - +0 chain mail
rPois   .          Reflect  .   (helmet unavailable)
rElec   .          Harm     .   (no cloak)
rCorr   .          Rampage  .   (no gloves)
Will    .....                   (no boots)
Stlth   ..........              (no amulet)
HPRegen 0.14/turn               n - +6 ring of intelligence
MPRegen 0.11/turn               (no ring)

@: under a protective aura
A: permanent stasis, dig shafts and tunnels, antennae 3, four strong arms
a: Dig, Shaft Self, Renounce Religion, Depart the Abyss, Bend Space


You were on level 3 of the Dungeon.
You worshipped Lugonu.
Lugonu was pleased with you.
You visited 1 branch of the dungeon, and saw 3 of its levels.
You visited the Abyss 1 time.

You collected 109 gold pieces.

Inventory:

Hand Weapons
 d - a +0 whip of protection (weapon)
Armour
 o - a +0 chain mail (worn)
Jewellery
 n - a +6 ring of intelligence (left hand)
Wands
 k - a wand of polymorph (16)
Scrolls
 g - 2 scrolls of enchant armour
Potions
 a - 3 potions of heal wounds {unknown}
 b - a potion of haste {unknown}
 c - 2 potions of flight
 e - 2 potions of lignification {unknown}
 f - 4 potions of curing {unknown}
 h - a potion of resistance {unknown}
 i - a potion of attraction {unknown}
 j - a potion of mutation {unknown}
 l - a potion of berserk rage {unknown}


   Skills:
 - Level 4.0 Fighting
 + Level 2.9 Maces & Flails
 - Level 3.0 Armour
 - Level 1.0 Dodging
 - Level 2.0 Stealth
 - Level 4.0 Invocations
 - Level 1.0 Evocations


You had 4 spell levels left.
You didn't know any spells.
Your spell library contained the following spells:

 Spells                   Type           Power      Damage    Failure   Level
 Summon Small Mammal      Summ           0%         N/A       96%         1
 Call Canine Familiar     Summ           0%         N/A       100%        3
 Summon Guardian Golem    Hex/Summ       0%         N/A       100%        3


Dungeon Overview and Level Annotations

Branches:
Dungeon (3/15)

Altars:

Shops:
D:2 :

Annotations:
D:3 Ijyb


Innate Abilities, Weirdness & Mutations

You cannot be hasted, slowed, berserked, paralysed or teleported.
You can dig through walls and to a lower floor.
You have a pair of large antennae on your head. (SInv)
Your four strong arms can wield two-handed weapons with a shield.


Message History

Ijyb is severely wounded.
Ijyb hits you with a +0 club.
You closely miss Ijyb.
Ijyb is severely wounded.
Ijyb zaps a wand.
The puff of flame hits you.
* * * LOW HITPOINT WARNING * * *
You hit Ijyb.
Ijyb is severely wounded.
Ijyb hits you with a +0 club.
* * * LOW HITPOINT WARNING * * *
You hit Ijyb but do no damage.
Ijyb is severely wounded.
Ijyb hits you but does no damage.
You barely miss Ijyb.
Ijyb is severely wounded.
Ijyb hits you but does no damage.
You barely miss Ijyb.
Ijyb is severely wounded.
Ijyb closely misses you.
You miss Ijyb.
Ijyb is severely wounded.
You closely miss Ijyb.
Ijyb is severely wounded.
Ijyb hits you with a +0 club.
* * * LOW HITPOINT WARNING * * *
You barely miss Ijyb.
Ijyb is severely wounded.
Ijyb hits you with a +0 club.
* * * LOW HITPOINT WARNING * * *
You hit Ijyb but do no damage.
Your weapon exudes an aura of protection.
Ijyb is severely wounded.
Ijyb hits you but does no damage.
You hit Ijyb but do no damage.
Ijyb is severely wounded.
Ijyb hits you but does no damage.
You closely miss Ijyb.
Ijyb is severely wounded.
Ijyb zaps a wand.
The puff of flame hits you.
You die...

##### ### #...# ..#
#.#.# #.# #.#.# #.#
#####.#.#
#.######.....#.######...
................@g......
##.#####.....#.##.......
.............#+##.####.#
##.###.####.<....... #.#
#.# #.....#.#. #.###.#
#.....#.#.. #.....#
#.....#.# ..
#..#############.. ...
#..)......#


You could see Ijyb.

Vanquished Creatures
  Natasha (twice) (D:3)
  5 adders
  A worm (D:2)
  2 dart slugs
  6 ball pythons
  6 bats
  7 endoplasms
  2 giant cockroaches
  5 goblins
  6 hobgoblins
  A quokka (D:2)
  2 frilled lizards (D:3)
  3 kobolds
  4 rats
52 creatures vanquished.

Vanquished Creatures (others)
  2 plants (D:1)
2 creatures vanquished.

Grand Total: 54 creatures vanquished

Notes
Turn   | Place    | Note
-------+----------+-------------------------------------------
     0 | Abyss:1  | Murumi the Formicid Abyssal Knight began the quest for the
                  | Orb.
     0 | Abyss:1  | Reached XP level 1. HP: 18/18 MP: 2/2
    44 | Abyss:1  | Noticed a smoke demon
    45 | D:1      | Escaped the Abyss
    86 | D:1      | Reached skill level 1 in Dodging
   148 | D:1      | Reached XP level 2. HP: 16/25 MP: 3/3
   369 | D:1      | Reached ** piety under Lugonu
   750 | D:1      | Reached XP level 3. HP: 28/30 MP: 4/4
   799 | D:1      | Found a faded altar of an unknown god.
  1121 | D:2      | Found Rang's Book Shoppe.
  1173 | D:2      | Reached skill level 1 in Stealth
  1173 | D:2      | Reached XP level 4. HP: 22/37 MP: 6/6
  2478 | D:3      | Noticed Natasha
  2506 | D:3      | Killed Natasha
  2507 | D:3      | Reached skill level 1 in Evocations
  2507 | D:3      | Reached XP level 5. HP: 19/42 MP: 6/8
  2537 | D:3      | Noticed Natasha
  2706 | D:3      | Killed Natasha
  3019 | D:3      | Noticed Ijyb
  3054 | D:3      | Killed from afar by Ijyb

Illustrated notes

Levels and vault maps discovered:
D:1:      minmay_arrival_stone_box, layout_rooms,
          chequers_ecumenical_altar_lobes
D:2:      layout_basic, serial_shops, nicolae_shop_hallway_plus, dk_vineyard_1
D:3:      layout_basic, uniq_ijyb, uniq_natasha

Skill      XL: |  1  2  3  4 |
---------------+-------------+-----
Dodging        | 1 |  1.0
Fighting       | 4 |  4.0
Armour         | 3 |  3.0
Invocations    | 3 4 |  4.0
Stealth        | 1 2 |  2.0
Evocations     | 1 |  1.0
Maces & Flails | |  2.9

Action                   |  1- 3 |  4- 6 || total
-------------------------+-------+-------++-------
Melee: Mace              |    20 |       ||    20
       Whip              |    69 |   162 ||   231
       Punch             |       |     2 ||     2
Invok: Depart the Abyss  |     1 |       ||     1
  Use: Scroll            |     3 |     6 ||     9
 Stab: Sleeping          |       |     5 ||     5
Armor: Leather armour    |    19 |    31 ||    50
       Ring mail         |       |    20 ||    20
       Chain mail        |       |    17 ||    17
Dodge: Dodged            |    44 |    73 ||   117

Table legend: (Time is in decaauts)
 A = Elapsed time spent in this place.
 B = Non-inter-level travel time spent in this place.
 C = Inter-level travel time spent in this place.
 D = Time resting spent in this place.
 E = Time spent auto-exploring this place.
 F = Levels seen in this place.
 G = Mean time per level.
                   A        B        C        D        E       F      G
               +--------+--------+--------+--------+--------+-----+--------+
         Total |   3061 |   2900 |    161 |    173 |   2164 |   4 |  765.2 |
       Dungeon |   3016 |   2855 |    161 |    173 |   2121 |   3 | 1005.3 |
         Abyss |     45 |     45 |      0 |      0 |     43 |   1 |   45.0 |
               +--------+--------+--------+--------+--------+-----+--------+

Top non-repeatable levels by time:
     D:2: 1245 daAuts
     D:1: 1055 daAuts
     D:3: 715 daAuts
 Abyss:1: 45 daAuts
